 Dungeon Crawl Stone Soup version 0.30-a0-159-g068b764562 (webtiles) character file.

Game seed: 15086650539152521457

2412 Iusername the Protected (level 9, 0/78 HPs)
             Began as a Minotaur Fighter on Sept 27, 2022.
             Was a Priest of Cheibriados.
             Slain by a wight
             ... wielding a +2 war axe
              (7 damage)
             ... on level 6 of the Dungeon.
             The game lasted 00:09:07 (6601 turns).

Iusername the Protected (Minotaur Fighter)          Turns: 6601, Time: 00:09:07

Health: 0/78       AC: 12    Str: 34    XL:     9   Next: 23%
Magic:  8/8        EV: 12    Int: 13    God:    Cheibriados [***...]
Gold:   369        SH:  7    Dex: 23    Spells: 8/8 levels left

rFire   . . .      SeeInvis +    j - +10 hand axe "Cacaigum" {drain, *Rage +Blink rN+++ SInv}
rCold   . . .      Faith    .    c - +0 buckler
rNeg    + + +      Spirit   .    b - +0 scale mail
rPois   .          Reflect  .    (helmet restricted)
rElec   .          Harm     .    s - +0 cloak
rCorr   .          Rampage  .    v - +1 pair of gloves {hurl}
Will    .....      Rage     20%  (no boots)
Stlth   +.........               (no amulet)
HPRegen 0.23/turn                f - +6 ring of strength
MPRegen 0.11/turn                (no ring)

@: on berserk cooldown, slowed, very slow
A: horns 2, retaliatory headbutt
a: Renounce Religion, Evoke Blink, Bend Time, Temporal Distortion


You were on level 6 of the Dungeon.
You worshipped Cheibriados.
Cheibriados was most pleased with you.
You visited 1 branch of the dungeon, and saw 6 of its levels.

You collected 369 gold pieces.

Inventory:

Hand Weapons
 j - the +10 hand axe "Cacaigum" (weapon) {drain, *Rage +Blink rN+++ SInv}
   (You found it on level 2 of the Dungeon)

   A truly terrible weapon, it drains the life of any living foe it strikes.
   rN:        It renders you almost immune to negative energy.
   SInv:      It lets you see invisible.
   +Blink:    It lets you blink.
   *Rage:     It berserks you when you make melee attacks (+20% chance).
Missiles
 w - 6 boomerangs (quivered)
Armour
 b - a +0 scale mail (worn)
 c - a +0 buckler (worn)
 s - a +0 cloak (worn)
 v - a +1 pair of gloves of hurling (worn)
Jewellery
 f - a +6 ring of strength (left hand)
 o - a ring of ice
 z - a ring of protection from cold
 A - an amulet of regeneration
 D - a ring of magical power
Wands
 p - a wand of paralysis (5)
 r - a wand of roots (5)
 x - a wand of flame (23)
Scrolls
 a - a scroll of enchant weapon {unknown}
 h - a scroll of enchant armour {unknown}
 k - 5 scrolls of identify {unknown}
 l - 3 scrolls of teleportation
 m - a scroll of noise {unknown}
 t - a scroll of amnesia {unknown}
 y - a scroll of fear {unknown}
 B - a scroll of poison {unknown}
 C - a scroll of blinking {unknown}
Potions
 d - a potion of might
 e - 7 potions of curing
 g - 4 potions of attraction {unknown}
 i - a potion of degeneration {unknown}
 n - a potion of experience {unknown}
 q - a potion of lignification {unknown}
 u - a potion of cancellation {unknown}


   Skills:
 + Level 6.4 Fighting
 + Level 8.5(8.9) Axes
 + Level 3.3(6.4) Polearms
 + Level 0.4 Throwing
 + Level 9.2 Armour
 + Level 2.7 Dodging
 + Level 1.4 Stealth
 + Level 6.0 Shields


You had 8 spell levels left.
You didn't know any spells.
Your spell library contained the following spells:

 Spells                   Type           Power      Damage    Failure   Level
 Ensorcelled Hibernation  Hex/Ice        0%         N/A       71%         2
 Passwall                 Tmut/Erth      0%         N/A       71%         2
 Ozocubu's Armour         Ice            0%         N/A       90%         3
 Stone Arrow              Conj/Erth      0%         3d7       90%         3
 Swiftness                Air            0%         N/A       90%         3
 Animate Armour           Summ/Erth      0%         N/A       100%        4
 Metabolic Englaciation   Hex/Ice        0%         N/A       100%        5
 Simulacrum               Ice/Necr       0%         N/A       100%        6
 Borgnjor's Revivificati  Necr           0%         N/A       100%        8
 Lehudib's Crystal Spear  Conj/Erth      0%         10d2      100%        8
 Necromutation            Tmut/Necr      0%         N/A       100%        8
 Death's Door             Necr           0%         N/A       100%        9


Dungeon Overview and Level Annotations

Branches:
Dungeon (6/15)             Temple (0/1) D:5

Altars:
Cheibriados

Shops:
D:1 **   D:4 [(!=   D:5 [


Innate Abilities, Weirdness & Mutations

You have a pair of horns on your head.
You reflexively headbutt those who attack you in melee.


Message History

You feel yourself slow down.
A wight comes into view.
It is wielding a +7 short sword of freezing.
A wight comes into view. It is wielding a +1 mace.
The wight hits you with a +2 war axe. x2; The wight barely misses you.
You furiously retaliate!
You headbutt the wight! The wight attacks as you move away!
The wight hits you with a +7 short sword of freezing.
The wight freezes you. The wight hits you with a +2 war axe.
The wight hits you but does no damage. The wight hits you with a +2 war axe!
The wight closely misses you.
The wight hits you with a +7 short sword of freezing!
The wight freezes you. The wight hits you but does no damage.
The wight attacks as you move away! The wight barely misses you.
The wight closely misses you. You furiously retaliate!
You headbutt the wight! You block the wight's attack.
The wight hits you but does no damage.
The wight hits you with a +7 short sword of freezing.
The wight freezes you. The wight hits you with a +0 falchion.
The wight hits you with a +2 war axe.
The wight hits you with a +7 short sword of freezing!
* * * LOW HITPOINT WARNING * * *
The wight freezes you.
* * * LOW HITPOINT WARNING * * *
You feel better. The wight barely misses you. You furiously retaliate!
You headbutt the wight! The wight hits you but does no damage.
The wight hits you with a +1 mace.
* * * LOW HITPOINT WARNING * * *
The wight hits you with a +1 mace.
* * * LOW HITPOINT WARNING * * *
You block the wight's attack.
The wight hits you with a +7 short sword of freezing.
* * * LOW HITPOINT WARNING * * *
The wight freezes you.
* * * LOW HITPOINT WARNING * * *
The wight hits you but does no damage.
The wight hits you with a +7 short sword of freezing!
* * * LOW HITPOINT WARNING * * *
The wight freezes you.
* * * LOW HITPOINT WARNING * * *
The wight hits you with a +2 war axe!
You die...

# . .#.. ##....
####......
##.#.......
##..........
###.........#
###z.....†.:..#
#.@zz..†......#
###z...##.......
##..## .......###
#...####.......#.
#................
###...............
##....####.........
##.....#..#......#..
#...#..#....##..##.)


You could see 4 wights.

Vanquished Creatures
  Maggie (D:6)
  Eustachio (D:5)
  A steam dragon (D:6)
  Menkaure (D:5)
  Edmund (D:4)
  A black bear (D:6)
  An ice beast (D:5)
  2 ogres
  2 centaurs (D:5)
  Blork the orc (D:5)
  A necrophage (D:6)
  2 scorpions
  A wight (D:6)
  4 killer bees (D:4)
  2 howler monkeys (D:6)
  A gnoll bouda (D:5)
  3 hounds
  An orc priest (D:4)
  Natasha (thrice) (D:3)
  An iguana (D:5)
  Crazy Yiuf (D:4)
  Ijyb (D:5)
  3 orc wizards
  8 gnolls
  3 adders
  An ufetubus (D:5)
  A worm (D:2)
  5 dart slugs
  12 orcs
  5 ball pythons
  2 bats
  8 endoplasms
  3 giant cockroaches
  6 goblins
  11 hobgoblins
  6 kobolds
  5 quokkas
  5 frilled lizards
  7 rats
  A butterfly (D:5)
125 creatures vanquished.

Notes
Turn   | Place    | Note
-------+----------+-------------------------------------------
     0 | D:1      | Iusername the Minotaur Fighter began the quest for the Orb.
     0 | D:1      | Reached XP level 1. HP: 19/19 MP: 0/0
   184 | D:1      | Reached XP level 2. HP: 23/27 MP: 1/1
   388 | D:1      | Found Mast's General Store.
   397 | D:1      | Reached skill level 4 in Armour
   510 | D:1      | Found Supsih's Assorted Antiques.
   575 | D:1      | Reached XP level 3. HP: 33/33 MP: 2/2
   961 | D:2      | Identified the +10 hand axe "Cacaigum" {drain, *Rage +Blink
                  | rN+++ SInv}
  1699 | D:3      | Found a faded altar of an unknown god.
  1719 | D:3      | Prayed at the altar of an unknown god.
  1719 | D:3      | Became a worshipper of Cheibriados the Contemplative
  1719 | D:3      | Reached * piety under Cheibriados
  1805 | D:3      | Reached XP level 4. HP: 40/40 MP: 3/3
  2084 | D:3      | Reached skill level 1 in Axes
  2087 | D:3      | Noticed Natasha
  2091 | D:3      | Killed Natasha
  2160 | D:3      | Noticed Natasha
  2164 | D:3      | Killed Natasha
  2172 | D:3      | Noticed Natasha
  2179 | D:3      | Killed Natasha
  2180 | D:3      | Reached XP level 5. HP: 35/47 MP: 4/4
  2643 | D:4      | Reached skill level 5 in Armour
  2643 | D:4      | Reached ** piety under Cheibriados
  2697 | D:4      | Found Enwena Fale's Antique Weapon Shop.
  2732 | D:4      | Found Jeethubu's Armour Shoppe.
  2918 | D:4      | Reached XP level 6. HP: 53/53 MP: 5/5
  2978 | D:4      | Noticed Edmund
  2981 | D:4      | Killed Edmund
  3040 | D:4      | Reached skill level 5 in Axes
  3040 | D:4      | Reached skill level 6 in Armour
  3040 | D:4      | Reached skill level 1 in Dodging
  3040 | D:4      | Reached XP level 7. HP: 60/60 MP: 6/6
  3058 | D:4      | Found a runed translucent door.
  3059 | D:4      | Noticed Crazy Yiuf
  3227 | D:4      | Killed Crazy Yiuf
  3252 | D:4      | Found Keuddi's Distillery.
  3304 | D:4      | Reached skill level 5 in Fighting
  3660 | D:4      | Found Tuzips's Jewellery Shop.
  3902 | D:5      | Entered Level 5 of the Dungeon
  3931 | D:5      | Reached skill level 1 in Stealth
  4047 | D:5      | Noticed Ijyb
  4052 | D:5      | Killed Ijyb
  4053 | D:5      | Reached skill level 7 in Armour
  4063 | D:5      | Reached *** piety under Cheibriados
  4064 | D:5      | Reached skill level 5 in Shields
  4064 | D:5      | Reached XP level 8. HP: 8/68 MP: 7/7
  4599 | D:5      | Found Yqidaiha's Armour Shop.
  4723 | D:5      | Noticed Menkaure
  4727 | D:5      | Killed Menkaure
  4953 | D:5      | Identified the +1 leather armour of Too Many Cooks {rC+}
  5012 | D:5      | Found a staircase to the Ecumenical Temple.
  5397 | D:5      | Noticed Blork the orc
  5400 | D:5      | Killed Blork the orc
  5518 | D:6      | Reached skill level 8 in Armour
  5521 | D:6      | Noticed Eustachio
  5974 | D:5      | Killed Eustachio
  6416 | D:6      | Noticed Maggie
  6417 | D:6      | Reached XP level 9. HP: 75/75 MP: 8/8
  6425 | D:6      | Killed Maggie
  6426 | D:6      | Reached skill level 9 in Armour
  6601 | D:6      | Slain by a wight

Illustrated notes

Levels and vault maps discovered:
D:1:      lemuel_arrival_lava_pool, layout_loops_ring, serial_shops, shop,
          nicolae_shop_behind_doors, supply_closet_lemuel,
          grunt_decor_mini_mirrors
D:2:      layout_basic
D:3:      minmay_spotlight, layout_basic, nicolae_ecumenical_pavilion,
          uniq_natasha
D:4:      layout_basic, serial_shops, nicolae_stop_n_shop_2, shop, shop,
          nicolae_diamond_shop, uniq_crazy_yiuf_cottage, uniq_edmund
D:5:      layout_gridville, minmay_temple_entry_butterflies, serial_shops,
          nicolae_square_shop, uniq_menkaure, uniq_blork_the_orc, uniq_ijyb
D:6:      layout_cave_pools, uniq_maggie, uniq_eustachio

Skill      XL: |  1  2  3  4  5  6  7  8  9 |
---------------+----------------------------+-----
Fighting       | 4 5 6 |  6.4
Shields        | 4 5 6 |  6.0
Armour         | 4 5 6 7 8 9 |  9.2
Polearms       | 3 |  3.3
Axes           | 2 3 5 6 7 8 |  8.5
Dodging        | 1 2 |  2.7
Stealth        | 1 |  1.4
Throwing       | |  0.4

Action                   |  1- 3 |  4- 6 |  7- 9 || total
-------------------------+-------+-------+-------++-------
Melee: Trident           |    69 |       |       ||    69
       Headbutt          |    13 |     4 |     9 ||    26
       Hand axe          |    20 |    43 |    73 ||   136
Throw: Boomerang         |       |       |     2 ||     2
  Use: Scroll            |       |       |     1 ||     1
       Potion            |       |       |     1 ||     1
Armor: Scale mail        |    25 |    12 |    48 ||    85
Dodge: Dodged            |    25 |    22 |    61 ||   108
Block: Buckler           |    18 |    14 |    38 ||    70

Table legend: (Time is in decaauts)
 A = Elapsed time spent in this place.
 B = Non-inter-level travel time spent in this place.
 C = Inter-level travel time spent in this place.
 D = Time resting spent in this place.
 E = Time spent auto-exploring this place.
 F = Levels seen in this place.
 G = Mean time per level.
                   A        B        C        D        E       F      G
               +--------+--------+--------+--------+--------+-----+--------+
         Total |   8103 |   7690 |    413 |   1939 |   4850 |   6 | 1350.5 |
       Dungeon |   8103 |   7690 |    413 |   1939 |   4850 |   6 | 1350.5 |
               +--------+--------+--------+--------+--------+-----+--------+

Top non-repeatable levels by time:
     D:5: 2852 daAuts
     D:4: 2012 daAuts
     D:3: 1214 daAuts
     D:1: 950 daAuts
     D:2: 806 daAuts
     D:6: 268 daAuts
